 Dungeon Crawl Stone Soup version 0.31-a0-265-gcf7e37af1d (webtiles) character file.

Game seed: 9221193731489007318

70 qw the Shooter (level 4, -1/30 (36) HPs)
             Began as a Minotaur Hexslinger on July 13, 2023.
             Slain by a goblin
             ... wielding a +2 dagger of draining
             ... led by Robin
              (3 damage)
             ... on level 2 of the Dungeon.
             The game lasted 00:00:29 (1105 turns).

qw the Shooter (Minotaur Hexslinger)                Turns: 1105, Time: 00:00:30

HP:   -1/30 (36)    AC:  5    Str: 12    XL:     4   Next: 3%
MP:   4/4           EV: 11    Int: 10    God:
Gold: 61            SH:  0    Dex: 15    Spells: 4/5 levels left

rFire   + . .        Y - +1 sling
rCold   . . .        (no shield)
rNeg    . . .        j - +0 ring mail
rPois   .            (helmet restricted)
rElec   .            (no cloak)
rCorr   .            (no gloves)
SInv    .            (no boots)
Will    .....        (no amulet)
Stlth   +            g - ring of protection from fire
HPRegen 0.25/turn    (no ring)
MPRegen 0.09/turn

%: no passive effects
@: lethally poisoned (-1 -> -20), heavily drained
A: horns 2, retaliatory headbutt
a: no special abilities


You were on level 2 of the Dungeon.
You visited 1 branch of the dungeon, and saw 2 of its levels.

You collected 61 gold pieces.


Innate Abilities, Weirdness & Mutations

You have a pair of horns on your head.
You reflexively headbutt those who attack you in melee.


   Skills:
 - Level 2.0 Fighting
 + Level 4.2 Ranged Weapons
 - Level 1.3 Armour
 - Level 2.1 Dodging
 - Level 1.0 Spellcasting
 - Level 2.0 Hexes


You had 4 spell levels left.
You knew the following spells:

 Your Spells              Type           Power      Damage    Failure   Level
a - Slow                  Hex            16%        N/A       32%         1

Your spell library contained the following spells:

 Spells                   Type           Power      Damage    Failure   Level
 Inner Flame              Hex/Fire       2%         N/A       83%         3
 Portal Projectile        Hex/Tloc       4%         N/A       83%         3
 Cause Fear               Hex            2%         N/A       97%         4

Inventory:

Hand Weapons
 Y - a +1 sling (weapon)
Armour
 j - a +0 ring mail (worn)
Jewellery
 g - a ring of protection from fire (left hand)
Scrolls
 b - a scroll of fog {unknown}
Potions
 a - a potion of heal wounds {unknown}
 d - a potion of attraction {unknown}
 f - a potion of curing {unknown}
 h - a potion of invisibility {unknown}
 i - a potion of might {unknown}

Dungeon Overview and Level Annotations

Branches:
Dungeon (2/15)

Altars:

Shops:
D:2 ([

Annotations:
D:2 Robin


Message History

You kill the goblin!
A goblin comes into view. It is wielding a +0 club.
You have reached level 4!
You feel agile.
You shoot a sling bullet. The sling bullet hits the goblin!
You kill the goblin!
The goblin hits you but does no damage.
You feel drained.
Robin of the Strong Arm comes into view.
They are wielding a +1 spear of venom.
You shoot a sling bullet.
The sling bullet barely misses the goblin.
The goblin hits you but does no damage.
You feel drained.
Robin roars a battlecry!
The goblin goes into a battle-frenzy!
You hear a shout!
You shoot a sling bullet.
The sling bullet barely misses the goblin.
The goblin hits you with a +2 dagger of draining.
You feel drained.
The goblin hits you with a +2 dagger of draining.
You feel drained. Robin hits you but does no damage.
You are poisoned.
You shoot a sling bullet. The sling bullet hits the goblin.
The goblin is heavily wounded.
You feel very sick.
The goblin hits you with a +2 dagger of draining.
You feel drained.
Robin hits you from afar with a +1 spear of venom.
You are more poisoned.
You shoot a sling bullet.
The sling bullet closely misses the goblin.
You feel very sick. The goblin completely misses you.
Robin hits you from afar with a +1 spear of venom.
You are more poisoned.
You shoot a sling bullet.
The sling bullet barely misses the goblin.
You feel extremely sick. The goblin barely misses you.
A goblin comes into view. It is wielding a +0 dagger.
The goblin hits you with a +2 dagger of draining.
You die...

...............#
#.............#
#.............#
#.............#
#.........%...#
#####.###.#####
#...#.#
######.#%#
#g@...\#.#
#)######.#
###### #g #.#
#..... #g #.#
#.#### ## # #.#
#.#### #.#.#
###.##..
#.#.###......#
#.......#.#..<
###.##..#.#...


You could see Robin and 2 goblins.

Vanquished Creatures
  2 adders (D:2)
  4 bats
  5 endoplasms (D:1)
  3 giant cockroaches
  6 goblins
  2 hobgoblins (D:1)
  8 jackals (D:1)
  A quokka (D:1)
  3 ball pythons (D:1)
  A frilled lizard (D:2)
  4 kobolds (D:1)
  4 rats (D:1)
43 creatures vanquished.

Notes
Turn   | Place    | Note
-------+----------+-------------------------------------------
     0 | D:1      | qw the Minotaur Hexslinger began the quest for the Orb.
     0 | D:1      | Reached XP level 1. HP: 16/16 MP: 1/1
     0 | D:1      | 0 ||| qw: Version: 0.3-a-52-g30416fa
     0 | D:1      | 0 ||| qw: Game counter: 7633
     0 | D:1      | 0 ||| qw: Melee chars always use a shield: true
     0 | D:1      | 0 ||| qw: God list: Okawaru
     0 | D:1      | 0 ||| qw: Allow faded altars: false
     0 | D:1      | 0 ||| qw: Do Orc after clearing Dungeon:15 true
     0 | D:1      | 0 ||| qw: Do second Lair branch before Depths: true
     0 | D:1      | 0 ||| qw: Lair rune preference: random
     0 | D:1      | 0 ||| qw: Goals: Normal
     0 | D:1      | 0 ||| PLANNING D:1-11
   134 | D:1      | Reached skill level 3 in Ranged Weapons
   134 | D:1      | Reached XP level 2. HP: 19/23 MP: 2/2
   207 | D:1      | 207 ||| FLEEEEING.
   208 | D:1      | 208 ||| FLEEEEING.
   209 | D:1      | 209 ||| FLEEEEING.
   210 | D:1      | 210 ||| FLEEEEING.
   387 | D:1      | Reached XP level 3. HP: 29/29 MP: 3/3
   908 | D:1      | 908 ||| UPGRADING to +0 ring mail.
   918 | D:1      | 918 ||| DROPPING +0 robe.
   919 | D:1      | 919 ||| UPGRADING to ring of protection from fire.
   920 | D:1      | 920 ||| READING scroll labelled XUMETS HICRE.
   921 | D:1      | 921 ||| READING scroll labelled EXTAPOTIBE.
   925 | D:1      | 925 ||| DROPPING scroll of poison.
   934 | D:2      | Found Forupas's Antique Armour Boutique.
   942 | D:2      | 942 ||| SHOPLISTING cloak (103 gold, have 61).
   942 | D:2      | 942 ||| SHOPLISTING runed ring mail (161 gold, have 61).
   942 | D:2      | 942 ||| SHOPLISTING shiny ring mail (161 gold, have 61).
   996 | D:2      | Reached skill level 4 in Ranged Weapons
  1079 | D:2      | Reached skill level 1 in Armour
  1087 | D:2      | Found Juta's Weapon Shoppe.
  1093 | D:2      | 1093 ||| SHOPLISTING +0 shortbow of draining (88 gold, have
                  | 61).
  1093 | D:2      | 1093 ||| SHOPLISTING +7 sling of Dawn {drain, MP+9 Str+2}
                  | (813 gold, have 61).
  1100 | D:2      | Reached XP level 4. HP: 36/36 MP: 4/4
  1100 | D:2      | Noticed Robin
  1105 | D:2      | HP: 2/30 [poisoned by Robin]
  1105 | D:2      | Slain by a goblin

Levels and vault maps discovered:
D:1:      onia_arrival_pyramid, layout_basic
D:2:      layout_basic, serial_shops, shop, shop, serial_bayou_lake_a,
          uniq_robin, uniq_terence

Skill      XL: |  1  2  3 |
---------------+----------+-----
Ranged Weapons | 3 4 |  4.2
Fighting       | 2 |  2.0
Armour         | 1 |  1.3
Dodging        | |  2.1
Spellcasting   | |  1.0
Hexes          | |  2.0

Action                     |  1- 3 |  4- 6 || total
---------------------------+-------+-------++-------
   Fire: Sling             |   119 |     6 ||   125
    Use: Scroll            |     2 |       ||     2
 Armour: Robe              |    13 |       ||    13
         Ring mail         |     7 |     3 ||    10
  Dodge: Dodged            |    42 |     2 ||    44

Table legend:
 A = Non-vault XP
 B = Vault XP
 C = Vault XP percentage of total XP
 D = Non-vault monster count
 E = Vault monster count
 F = Vault count percentage of total count
                 A         B        C        D         E       F
            +---------+---------+-------+---------+---------+-------
      Total |      94 |       6 |   6.0 |      40 |       3 |   7.0
            +---------+---------+-------+---------+---------+-------
        D:1 |      59 |       0 |   0.0 |      33 |       0 |   0.0
        D:2 |      35 |       6 |  14.6 |       7 |       3 |  30.0
            +---------+---------+-------+---------+---------+-------
